 Dungeon Crawl Stone Soup version 0.30-a0-726-gd89dcf765f (webtiles) character file.

Game seed: 10392621902120057152

67 sokol815 the Conjurer (level 4, -2/21 HPs)
             Began as a Vine Stalker Conjurer on Jan 29, 2023.
             Slain by an orc
             ... wielding a +0 trident
              (7 damage)
             ... on level 2 of the Dungeon.
             The game lasted 00:03:19 (1396 turns).

sokol815 the Conjurer (Vine Stalker Conjurer)       Turns: 1396, Time: 00:03:19

Health: -2/21      AC:  3    Str:  9    XL:     4   Next: 16%
Magic:  0/10       EV: 12    Int: 20    God:
Gold:   31         SH:  0    Dex: 13    Spells: 7/10 levels left

rFire   . . .      SeeInvis .    a - +0 dagger
rCold   . . .      Faith    .    (no shield)
rNeg    . . .      Spirit   +    c - +0 robe
rPois   .          Reflect  .    d - +0 helmet
rElec   .          Harm     .    (no cloak)
rCorr   +          Rampage  .    (no gloves)
Will    .....                    (no boots)
Stlth   ++                       (no amulet)
HPRegen 1.03/turn                e - ring of flight {+Fly, !d}
MPRegen 0.12/turn                X - ring of resist corrosion

@: flying
A: fangs 2, regeneration 1, magic shield, antimagic bite, no potion heal 2
a: no special abilities


You were on level 2 of the Dungeon.
You visited 1 branch of the dungeon, and saw 2 of its levels.

You collected 51 gold pieces.
You spent 20 gold pieces at shops.

Inventory:

Hand Weapons
 a - a +0 dagger (weapon)
   (You took it off a goblin on level 1 of the Dungeon)
Missiles
 f - 2 poisoned darts
 s - 5 stones
Armour
 c - a +0 robe (worn)
 d - a +0 helmet (worn)
   (You found it on level 1 of the Dungeon)
Jewellery
 e - a ring of flight (left hand) {+Fly, !d}
   (You found it on level 1 of the Dungeon)
 X - a ring of resist corrosion (right hand)
   (You found it on level 1 of the Dungeon)
Scrolls
 b - a scroll of acquirement {unknown}
 g - a scroll of fog {unknown}
 K - a scroll of immolation {!r}
Potions
 h - a potion of curing {unknown}
 M - a potion of magic


   Skills:
 - Level 1.5 Dodging
 - Level 2.4 Stealth
 * Level 3.6 Spellcasting
 + Level 4.7 Conjurations


You had 7 spell levels left.
You knew the following spells:

 Your Spells              Type           Power      Damage    Failure   Level
a - Magic Dart            Conj           88%        1d7       1%          1
b - Searing Ray           Conj           44%        2d6       3%          2

Your spell library contained the following spells:

 Spells                   Type           Power      Damage    Failure   Level
 Dazzling Flash           Conj/Hex       26%        N/A       16%         3
 Fulminant Prism          Conj/Hex       6%         3d7       45%         4
 Iskenderun's Mystic Bla  Conj/Tloc      13%        2d5       45%         4


Dungeon Overview and Level Annotations

Branches:
Dungeon (2/15) Zot: 10604

Altars:

Shops:
D:1 ?


Innate Abilities, Weirdness & Mutations

You have extremely sharp teeth.
Your natural rate of healing is unusually fast.
When hurt, damage is shared between your health and your magic reserves.
Your bite disrupts and absorbs the magic of your enemies.
Potions cannot restore your health.


Message History

Where to? (? - help)
There is a stone staircase leading down here.
You fly downwards.
There is a stone staircase leading up here.
Found a stone staircase leading down.
Search for what [? for help]? ego Unknown command.
You now have 31 gold pieces (gained 11).
An adder comes into view.
The searing ray hits the adder! (Press . to maintain the ray.)
You now have 6/8 mp.
The searing ray hits the adder.
You kill the adder!
You now have 5/8 mp.
Found a stone staircase leading down.
MP restored: 8
g - a scroll labelled MIASHRE ROGOICO
There is a stone staircase leading down here.
h - a sapphire potion A rat comes into view.
The searing ray hits the rat.
You kill the rat! (Press . to maintain the ray.)
You now have 6/8 mp.
A kobold comes into view. It is wielding a +0 short sword.
MP restored: 8 A bat comes into view.
The kobold shouts!
The searing ray hits the kobold!
You kill the kobold!
The searing ray hits the bat.
You kill the bat! (Press . to maintain the ray.)
You now have 6/9 mp.
A ball python comes into view.
MP restored: 9 The ball python hisses angrily.
The searing ray hits the ball python.
You kill the ball python! (Press . to maintain the ray.)
You now have 7/9 mp.
An adder and a hobgoblin come into view.
MP restored: 9 An orc comes into view. It is wielding a +0 trident.
The adder hisses angrily.
The orc shouts!
The hobgoblin shouts!
The searing ray misses the adder.
The searing ray hits the hobgoblin.
You kill the hobgoblin! (Press . to maintain the ray.)
You have reached level 4!
You feel agile.
You begin to heal more quickly.
Health restored: 21 You now have 7/10 mp.
The searing ray hits the adder.
A bat comes into view.
The adder closely misses you.
You now have 6/10 mp.
The searing ray misses the adder.
The adder barely misses you.
You now have 5/10 mp.
The searing ray hits the adder!
You kill the adder!
You finish channelling your searing ray.
The orc completely misses you.
You now have 4/10 mp.
Aim: an orc, wielding a +0 trident and wearing a +0 scale mail (81% to hit)
The searing ray hits the orc but does no damage. (Press . to maintain the ray.)
The orc closely misses you.
You now have 2/10 mp.
The searing ray hits the orc.
The orc barely misses you.
You now have 1/10 mp.
The searing ray misses the orc.
The orc hits you from afar with a +0 trident.
You take 5 damage, and have 16/21 hp.
MASSIVE DAMAGE!!
You now have 0/10 mp.
Found a stone staircase leading down.
The orc hits you with a +0 trident.
You take 2 damage, and have 14/21 hp.
You hit the orc. You bite the orc, but do no damage. The orc barely misses you.
You hit the orc but do no damage. The orc barely misses you.
You barely miss the orc. Your bite misses the orc. The orc closely misses you.
You hit the orc but do no damage. You bite the orc, but do no damage.
The orc barely misses you.
You hit the orc but do no damage. The orc hits you with a +0 trident.
You take 1 damage, and have 17/21 hp.
You barely miss the orc. You bite the orc, but do no damage.
The orc barely misses you.
You hit the orc but do no damage. The orc hits you with a +0 trident.
You take 4 damage, and have 14/21 hp.
You hit the orc but do no damage. Your bite misses the orc.
The orc hits you with a +0 trident!
You take 6 damage, and have 8/21 hp.
MASSIVE DAMAGE!!
You closely miss the orc. Your bite misses the orc.
The orc hits you with a +0 trident.
* * * LOW HITPOINT WARNING * * *
You take 4 damage, and have 4/21 hp.
You hit the orc but do no damage. The orc hits you with a +0 trident!
You die...

.........####.# .#.# #
##............# ...## .#
#...####.#######..#.#...
.#.#.###.######.#......#
#.###....)†....##.......
##.#.###.###.##.#....#
##..# #.....###.# ##.#
####..# #.# #.# #..# #@#
#.# #..##..o...... #.#
#..#.#.#.#.#.# #.#
#..#..†.... #.# #..# #!#
#.# .# #..# ... ... #.#
#.# ..> ..


You could see an orc.

Vanquished Creatures
  2 adders (D:2)
  6 ball pythons
  5 bats
  6 endoplasms (D:1)
  A giant cockroach (D:1)
  6 goblins (D:1)
  3 hobgoblins
  6 jackals (D:1)
  2 quokkas (D:1)
  A frilled lizard (D:1)
  3 kobolds
  2 rats
43 creatures vanquished.

Notes
Turn   | Place    | Note
-------+----------+-------------------------------------------
     0 | D:1      | sokol815 the Vine Stalker Conjurer began the quest for the
                  | Orb.
     0 | D:1      | Reached XP level 1. HP: 9/9 MP: 4/4
   150 | D:1      | Reached XP level 2. HP: 6/13 MP: 0/6
   557 | D:1      | Reached XP level 3. HP: 16/16 MP: 0/8
   560 | D:1      | Reached skill level 3 in Spellcasting
   658 | D:1      | Found Maupirghug's Magic Scroll Shoppe.
   662 | D:1      | Bought a scroll of identify for 20 gold pieces
   726 | D:1      | Learned a level 2 spell: Searing Ray
  1380 | D:2      | Gained mutation: Your natural rate of healing is unusually
                  | fast. [Vine Stalker growth]
  1380 | D:2      | Reached XP level 4. HP: 21/21 MP: 7/10
  1395 | D:2      | HP: 4/21 [orc/+0 trident (5)]
  1396 | D:2      | Slain by an orc

Illustrated notes

Levels and vault maps discovered:
D:1:      tarquinn_simple_flora_water_f, layout_basic, serial_shops,
          nicolae_shop_stone, minmay_misc_feat_more_columns,
          kennysheep_pointless_box, minmay_cupped
D:2:      layout_loops_ring, nrook_mini_backslash, st_stairs_9,
          minmay_rat_gold_closets

Skill      XL: |  1  2  3 |
---------------+----------+-----
Spellcasting   | 3 |  3.6
Dodging        | |  1.5
Stealth        | |  2.4
Conjurations   | |  4.7

Action                     |  1- 3 |  4- 6 || total
---------------------------+-------+-------++-------
  Melee: Unarmed           |     6 |       ||     6
         Bite              |     8 |     3 ||    11
         Dagger            |    19 |    10 ||    29
   Cast: Magic Dart        |    72 |       ||    72
         Searing Ray       |     6 |     1 ||     7
    Use: Scroll            |     1 |       ||     1
 Armour: Robe              |    11 |       ||    11
  Dodge: Dodged            |    28 |    10 ||    38

Table legend: (Time is in decaauts)
 A = Elapsed time spent in this place.
 B = Non-inter-level travel time spent in this place.
 C = Inter-level travel time spent in this place.
 D = Time resting spent in this place.
 E = Time spent auto-exploring this place.
 F = Levels seen in this place.
 G = Mean time per level.
                   A        B        C        D        E       F      G
               +--------+--------+--------+--------+--------+-----+--------+
         Total |   1394 |   1380 |     14 |    108 |   1057 |   2 |  697.0 |
       Dungeon |   1394 |   1380 |     14 |    108 |   1057 |   2 |  697.0 |
               +--------+--------+--------+--------+--------+-----+--------+

Top non-repeatable levels by time:
     D:1: 1202 daAuts
     D:2: 191 daAuts

Table legend:
 A = Kills in this place as a percentage of kills in entire the game.
 B = Kills by you in this place as a percentage of kills by you in the entire game.
 C = Kills by friends in this place as a percentage of kills by friends in the entire game.
 D = Other kills in this place as a percentage of other kills in the entire game.
 E = Experience gained in this place as a percentage of experience gained in the entire game.
 F = Experience gained in this place divided by the number of levels of this place that you have seen.
                   A       B       C       D       E      F
               +-------+-------+-------+-------+-------+----------------------
         Total | 100.0 | 100.0 |   N/A |   N/A | 100.0 |  48.0
       Dungeon | 100.0 | 100.0 |   N/A |   N/A | 100.0 |  48.0
               +-------+-------+-------+-------+-------+----------------------
